Map: Dusk Towers

Players

RuFF - Winner!

  • Race: Terran Terran
  • League: Grandmaster

HeZNa

  • Race: Terran Terran
  • League: Grandmaster

VOD

https://youtu.be/eh0JN10pb_U

Description

Busting front door like a boss.

Time

  • Played on: Jan. 25, 2016, 2:39 a.m.
  • Length: 12:32
Show
View Real Time Build Order
Export as new Build Order

RuFF Terran - Winner!

Build Orders: 1/1/1, Liberator Opening 

Get SALT Encoding   

  12  0:01  SCV  
  13  0:13  SCV  
  14  0:17  Supply Depot  
  14  0:25  SCV  
  15  0:31  Refinery  
  15  0:40  Barracks  
  15  0:44  SCV  
  16  1:00  SCV  
  17  1:13  SCV  
  18  1:26  SCV  
  19  1:34  Refinery, Factory  
  19  1:38  Orbital Command  
  19  1:53  Barracks Reactor  
  19  2:04  Supply Depot  
  19  2:05  SCV  
  20  2:10  Supply Depot  
  20  2:17  SCV  
  21  2:22  Starport  
  21  2:29  SCV  
  22  2:33  Hellion x2  
  26  2:39  Supply Depot  
  26  2:41  SCV  
  27  2:45  Liberator  
  27  2:54  Hellion  
  27  2:55  Hellion, SCV  
  35  3:08  SCV  
  36  3:16  Hellion  
  36  3:17  Hellion  
  40  3:22  Supply Depot  
  40  3:27  Liberator  
  40  3:35  Ghost Academy  
  40  3:37  Hellion  
  45  3:52  Hellion  
  42  4:07  Barracks Tech Lab  
  42  4:08  Nuke  
  42  4:09  Hellion  
  44  4:13  Hellion  
  46  4:21  Liberator  
  46  4:28  Ghost  
  46  4:31  Hellion  
  50  4:35  Hellion  
  52  4:53  Hellion  
  54  5:01  Nuke  
  54  5:07  Supply Depot  
  54  5:09  Supply Depot  
  54  5:29  Hellion  
  46  5:43  Hellion  
  48  5:50  Hellion  
  40  6:04  Hellion  
  42  6:12  Hellion  
  42  6:17  Nuke  
  44  6:26  Hellion  
  46  6:33  Hellion  
  48  6:47  Hellion  
  50  6:55  Hellion  
  50  6:59  Starport Tech Lab  
  50  7:00  SCV  
  53  7:11  Command Center  
  42  7:32  Ghost  
  41  7:37  Starport  
  41  7:39  Starport x2, Cloaking Field  
  41  7:45  SCV  
  38  7:54  Banshee  
  41  8:05  SCV  
  42  8:17  SCV  
  43  8:20  Nuke  
  43  8:25  Starport Tech Lab  
  43  8:26  Starport Tech Lab x2  
  39  8:37  Banshee  
  42  8:44  Orbital Command  
  42  8:50  Refinery, Banshee  
  42  8:53  Refinery, Banshee  
  42  9:16  SCV  
  40  9:30  Viking x2  
  44  9:33  Viking  
  44  9:36  Viking  
  48  9:42  Hellion x2  
  52  10:03  Hellion  
  52  10:04  Hellion, Banshee  
  52  10:05  Banshee  
  52  10:06  SCV  
  58  10:44  Banshee x2  
  58  10:47  Hellion x2  
  68  11:08  Hellion x2  
  72  11:24  Banshee x2  
  78  11:27  SCV  
  78  11:30  Hellion  
  78  11:31  Barracks Tech Lab  
  78  11:32  SCV  
  82  11:39  Banshee  
  85  11:44  Fusion Core, Banshee  
  85  11:45  Command Center  
Show
View Real Time Build Order
Export as new Build Order

HeZNa Terran 

Build Orders: Command Center First (CC), MMM Bio 

Get SALT Encoding   

  12  0:01  SCV  
  13  0:13  SCV  
  14  0:18  Supply Depot  
  14  0:26  SCV  
  15  0:39  SCV  
  16  0:51  SCV  
  17  1:01  Command Center  
  17  1:04  SCV  
  18  1:13  Barracks  
  18  1:16  SCV  
  19  1:28  Barracks  
  19  1:30  SCV  
  20  1:41  Barracks  
  20  1:44  SCV  
  21  2:00  Orbital Command  
  21  2:02  Marine  
  22  2:13  Orbital Command  
  22  2:16  Marine  
  22  2:21  Refinery, Marine  
  24  2:26  SCV  
  24  2:28  Refinery  
  24  2:29  Marine  
  26  2:34  Marine  
  27  2:39  SCV  
  27  2:41  Marine  
  29  2:48  Marine  
  29  2:49  SCV  
  29  2:51  Marine, SCV  
  32  2:52  Supply Depot  
  33  3:01  Marine, SCV  
  35  3:05  SCV  
  35  3:10  Refinery, Marine  
  38  3:15  Supply Depot, SCV  
  38  3:18  Factory  
  39  3:21  SCV  
  39  3:24  Barracks Tech Lab  
  39  3:29  Barracks Tech Lab  
  39  3:32  SCV  
  40  3:35  Barracks Tech Lab, SCV  
  41  3:45  Stimpack  
  41  3:47  SCV  
  42  3:49  SCV  
  43  3:57  Concussive Shells  
  43  3:59  Marauder x2  
  43  4:01  SCV  
  46  4:07  SCV  
  45  4:11  Engineering Bay  
  45  4:15  SCV  
  46  4:19  SCV  
  47  4:25  Marauder x2  
  47  4:29  SCV  
  49  4:33  SCV  
  49  4:35  Marauder  
  49  4:46  Marauder x2  
  49  4:47  Factory Reactor  
  49  4:49  SCV  
  54  4:58  Supply Depot  
  54  5:06  Missile Turret  
  54  5:08  Missile Turret  
  54  5:20  Barracks Tech Lab  
  54  5:27  SCV  
  46  5:29  SCV  
  46  5:32  Marine  
  46  5:34  Marauder  
  44  5:42  SCV  
  40  5:44  SCV  
  38  6:02  SCV  
  34  6:05  Starport  
  34  6:16  Missile Turret, SCV  
  35  6:23  SCV  
  35  6:24  Barracks Tech Lab x2  
  34  6:26  Factory Tech Lab  
  34  6:28  SCV  
  34  6:30  Refinery  
  35  6:35  SCV  
  35  6:37  Missile Turret  
  34  6:40  SCV  
  34  6:42  Viking  
  34  6:44  Marauder x2  
  41  6:47  SCV  
  41  6:52  Cyclone  
  41  6:53  SCV  
  44  7:04  SCV  
  46  7:08  SCV  
  46  7:20  Marauder  
  46  7:27  Marauder  
  46  7:31  SCV  
  46  7:33  SCV  
  46  7:36  Supply Depot x2  
  46  7:38  Starport Reactor  
  46  7:49  Barracks  
  46  7:54  Combat Shields  
  46  7:57  Marine x2, SCV x2  
  50  8:10  SCV x2  
  52  8:17  Marauder x2  
  56  8:22  SCV  
  56  8:26  SCV  
  58  8:34  SCV  
  59  8:38  Marauder, SCV  
  59  8:39  Barracks Tech Lab  
  62  8:41  Armory  
  62  8:44  Armory  
  62  8:47  Factory Reactor  
  62  8:51  Supply Depot x2, SCV  
  62  8:53  Missile Turret  
  63  9:01  Marauder x2  
  62  9:21  SCV  
  63  9:25  Hellion  
  63  9:26  Hellion  
  63  9:29  Marauder  
  69  9:33  Raven  
  69  9:34  SCV  
  72  9:39  Factory, SCV  
  72  9:41  Barracks x2  
  71  9:49  Hellion x2, SCV  
  71  9:51  Missile Turret  
  73  9:55  Marauder x2  
  73  9:56  SCV  
  75  10:01  SCV  
  75  10:05  Marauder  
  76  10:08  Barracks, SCV  
  76  10:13  SCV  
  76  10:15  Hellion x2  
  76  10:17  Marauder x2  
  76  10:20  SCV  
  81  10:25  SCV  
  80  10:36  Hellion x2  
  80  10:40  Marauder  
  80  10:41  Marauder x2  
  86  10:46  Missile Turret  
  86  10:47  Marine x2  
  86  10:48  Missile Turret  
  82  11:01  Marine x2, Barracks  
  80  11:08  Command Center  
  70  11:15  Marine x2, Raven  
  70  11:16  Barracks Reactor  
  70  11:17  SCV  
  70  11:18  SCV  
  62  11:26  Marine x2, Marauder  
  61  12:01  Marine  
  61  12:02  Marine x4  
  65  12:09  Marine x2  
Tags
 
Add a new tag
Caveats
  • Supply blocks, unpowered buildings, or Contaminate may cause inaccurate times.
  • Supply counts are checked every 10 seconds.